 Dungeon Crawl Stone Soup version 0.31.0-11-ge490571c62 (webtiles) character file.

Game seed: 12971913682637339713

133 qw the Shooter (level 4, -7/23 HPs)
             Began as a Spriggan Hunter on Feb 4, 2024.
             Killed by divine providence
             ... invoked by an orc priest
              (13 damage)
             ... on level 4 of the Dungeon.
             The game lasted 00:00:42 (2560 turns).

qw the Shooter (Spriggan Hunter)                    Turns: 2560, Time: 00:00:42

Health: -7/23      AC:  2    Str:  7    XL:     4   Next: 93%
Magic:  0/5        EV: 20    Int: 10    God:
Gold:   191        SH:  0    Dex: 20    Spells: 3/3 levels left

rFire   . . .        a - +1 shortbow (heavy)
rCold   . . .        (shield currently unavailable)
rNeg    . . .        c - +0 robe
rPois   .            (helmet restricted)
rElec   .            (no cloak)
rCorr   .            (gloves unavailable)
SInv    +            (boots unavailable)
Will    .....        h - amulet of guardian spirit
Stlth   ++           (no ring)
HPRegen 0.23/turn    (no ring)
MPRegen 0.09/turn

%: guardian spirit
@: very quick
A: very small, no large weapons, unfitting armour, see invisible, speed 3
a: no special abilities


You were on level 4 of the Dungeon.
You visited 1 branch of the dungeon, and saw 4 of its levels.

You collected 191 gold pieces.


Innate Abilities, Weirdness & Mutations

You are very small and have problems with some larger weapons.
You are too small for most types of armour.
You have supernaturally acute eyesight. (SInv)
You cover ground extremely quickly. (Speed+++)


   Skills:
 - Level 2.0 Fighting
 + Level 5.1 Ranged Weapons
 - Level 5.0 Dodging
 - Level 1.5 Stealth


You had 3 spell levels left.
You didn't know any spells.
Your spell library was empty.

Inventory:

Hand Weapons
 a - a +1 heavy shortbow (weapon)
Armour
 c - a +0 robe (worn)
Jewellery
 h - an amulet of guardian spirit (around neck)
Scrolls
 b - a scroll of teleportation
Potions
 d - a potion of cancellation
 f - 2 potions of curing

Dungeon Overview and Level Annotations

Branches:
Dungeon (4/15)             Temple (0/1) D:4

Altars:


Message History

You kill the orc!
You shoot an arrow. The arrow hits the quokka.
The quokka is severely wounded.
You shoot an arrow. The arrow barely misses the quokka.
You shoot an arrow. The arrow hits the quokka!
You kill the quokka!
You now have 191 gold pieces (gained 9).
Found a stone staircase leading up.
There is a stone staircase leading down here.
Enter note:
Enter note:
Found a staircase to the Ecumenical Temple.
2554 ||| PLANNING TEMPLE An orc comes into view.
It is wielding a +0 dagger.
The orc shouts!
An orc comes into view. It is wielding a +0 club.
The orc moves out of view.
An orc is nearby!
Enter note:
Enter note: An orc priest and a quokka come into view.
The orc shouts!
You hear a shout!
You shoot an arrow. The orc priest shouts!
The arrow hits the orc priest.
The orc priest is heavily wounded.
An orc priest comes into view.
It is wielding a +1 short sword of venom.
You shoot an arrow. The arrow barely misses the orc priest.
The orc priest shouts!
An orc comes into view. It is wielding a +1 mace of protection.
The orc priest calls down the wrath of Beogh upon you.
Beogh smites you!
The orc shouts!
You shoot an arrow. The arrow closely misses the quokka.
The orc priest calls down the wrath of Beogh upon you.
Pain shoots through your body!
The orc priest mumbles some strange prayers to Beogh against you.
Beogh smites you!
Ouch! That really hurt!
You die...

###### .#.. ###### ### .
..# #..... ...#o#.. ##
#..... ###. .. .##
#..... ###...##.###...
#..... .oo...r ..$.#
#.###..... ##.o>..##...#
#......... .#.....@..#.#
####.>....
.##...###...####........
#.# #........<........ #
#....##.#####.##.###
...#.. #..####.#.)### #.
#.# #........<)... . #.
#......#####.. #.
#...#.#........
.........#######.[


You could see 2 orc priests, 2 orcs and a quokka.

Vanquished Creatures
  An orc wizard (D:3)
  3 adders
  4 dart slugs
  A ribbon worm (D:2)
  15 orcs
  3 bats
  4 endoplasms
  2 giant cockroaches
  9 goblins
  A hobgoblin (D:1)
  2 quokkas
  2 ball pythons (D:4)
  A frilled lizard (D:1)
  2 kobolds (D:3)
  3 rats
53 creatures vanquished.

Notes
Turn   | Place    | Note
-------+----------+-------------------------------------------
     0 | D:1      | qw the Spriggan Hunter began the quest for the Orb.
     0 | D:1      | Reached XP level 1. HP: 10/10 MP: 2/2
     0 | D:1      | 0 ||| qw: Version: 0.3-a-160-g6735b56
     0 | D:1      | 0 ||| qw: Game counter: 6018
     0 | D:1      | 0 ||| qw: Melee chars always use a shield: true
     0 | D:1      | 0 ||| qw: God list: Okawaru
     0 | D:1      | 0 ||| qw: Allow faded altars: false
     0 | D:1      | 0 ||| qw: Do Orc after clearing Dungeon:15 true
     0 | D:1      | 0 ||| qw: Do second Lair branch before Depths: true
     0 | D:1      | 0 ||| qw: Lair rune preference: random
     0 | D:1      | 0 ||| qw: Goals: Normal
     0 | D:1      | 0 ||| PLANNING D:1-11
     2 | D:1      | Noticed an armataur
     4 | D:1      | Noticed a djinni
     4 | D:1      | Noticed a troll
     6 | D:1      | Noticed a demonspawn
     8 | D:1      | Noticed a vine stalker
     8 | D:1      | Noticed an octopode
    10 | D:1      | Noticed a draconian
    10 | D:1      | Noticed a demigod
    12 | D:1      | Noticed a gargoyle
    12 | D:1      | Noticed a ghoul
    14 | D:1      | Noticed a vampire
    17 | D:1      | Noticed a felid
    17 | D:1      | Noticed an elf
    20 | D:1      | Noticed a tengu
    20 | D:1      | Noticed a human
    22 | D:1      | Noticed a merfolk
    22 | D:1      | Noticed an oni
    24 | D:1      | Noticed a formicid
    24 | D:1      | Noticed a barachi
    26 | D:1      | Noticed a minotaur
    28 | D:1      | Noticed a spriggan
    28 | D:1      | Noticed a naga
    38 | D:1      | Reached skill level 3 in Dodging
   190 | D:1      | Reached XP level 2. HP: 14/14 MP: 3/3
   413 | D:1      | 413 ||| DROPPING amulet of magic regeneration.
   414 | D:1      | 414 ||| UPGRADING to amulet of guardian spirit.
   419 | D:1      | 419 ||| READING scroll labelled YDEKHL KIFIUTSI.
   419 | D:1      | 419 ||| ENCHANTING +0 shortbow.
   420 | D:1      | 420 ||| READING scroll labelled FAMITA KEMAL.
   521 | D:1      | 521 ||| READING scroll labelled INAICV WOSOI.
   525 | D:1      | 525 ||| READING 3 scrolls labelled NEOWOJOMEU.
   525 | D:1      | 525 ||| IDENTIFYING golden potion
   526 | D:1      | 526 ||| READING 2 scrolls of identify.
   526 | D:1      | 526 ||| IDENTIFYING murky purple potion
   527 | D:1      | 527 ||| READING scroll of identify.
   527 | D:1      | 527 ||| IDENTIFYING scroll labelled BUGHUPNERCH
   528 | D:1      | 528 ||| DROPPING scroll of butterflies.
   529 | D:1      | 529 ||| DROPPING scroll of fog.
   930 | D:2      | Reached XP level 3. HP: 18/18 MP: 4/4
   956 | D:2      | Found a faded altar of an unknown god.
  1411 | D:2      | 1411 ||| READING scroll labelled NOANUE YNTAD.
  1411 | D:2      | 1411 ||| ENCHANTING +1 shortbow.
  1716 | D:3      | Reached XP level 4. HP: 16/22 MP: 3/5
  2297 | D:3      | 2297 ||| READING 3 scrolls of identify.
  2297 | D:3      | 2297 ||| IDENTIFYING 2 fuming sapphire potions
  2298 | D:3      | 2298 ||| READING 2 scrolls of identify.
  2298 | D:3      | 2298 ||| IDENTIFYING scroll labelled TUORYU DIQAT
  2299 | D:3      | 2299 ||| READING scroll of brand weapon.
  2299 | D:3      | 2299 ||| BRANDING +1 shortbow.
  2300 | D:3      | 2300 ||| READING scroll of identify.
  2300 | D:3      | 2300 ||| IDENTIFYING scroll labelled DAKODO NIEMO
  2301 | D:3      | 2301 ||| DROPPING scroll of fear.
  2302 | D:3      | 2302 ||| DROPPING 2 potions of lignification.
  2337 | D:4      | 2337 ||| STAIRDANCE
  2356 | D:4      | 2356 ||| STAIRDANCE
  2407 | D:4      | 2407 ||| STAIRDANCE
  2414 | D:4      | 2414 ||| STAIRDANCE
  2553 | D:4      | Found a staircase to the Ecumenical Temple.
  2554 | D:4      | 2554 ||| PLANNING TEMPLE
  2560 | D:4      | Killed from afar by an orc priest

Levels and vault maps discovered:
D:1:      kb_arrival_jail, layout_rooms
D:2:      layout_basic, ebering_ecumenical_altar_box
D:3:      layout_basic
D:4:      layout_rooms, minmay_temple_entry_slanted

Skill      XL: |  1  2  3  4 |
---------------+-------------+-----
Dodging        | 3 4 5 |  5.0
Ranged Weapons | 5 |  5.1
Fighting       | 2 |  2.0
Stealth        | |  1.5

Action                     |  1- 3 |  4- 6 || total
---------------------------+-------+-------++-------
   Fire: Shortbow          |   102 |    41 ||   143
    Use: Scroll            |     7 |     4 ||    11
 Armour: Robe              |    18 |    12 ||    30
  Dodge: Dodged            |    35 |    18 ||    53

Table legend:
 A = Non-vault XP
 B = Vault XP
 C = Vault XP percentage of total XP
 D = Non-vault monster count
 E = Vault monster count
 F = Vault count percentage of total count
                 A         B        C        D         E       F
            +---------+---------+-------+---------+---------+-------
      Total |     190 |       0 |   0.0 |      53 |       0 |   0.0
            +---------+---------+-------+---------+---------+-------
        D:1 |      26 |       0 |   0.0 |      11 |       0 |   0.0
        D:2 |      18 |       0 |   0.0 |       8 |       0 |   0.0
        D:3 |     101 |       0 |   0.0 |      20 |       0 |   0.0
        D:4 |      45 |       0 |   0.0 |      14 |       0 |   0.0
            +---------+---------+-------+---------+---------+-------
